 Dungeon Crawl Stone Soup version 0.21.1-1-g345015f (webtiles) character file.

239 tkdonut the Chopper (level 6, -3/56 HPs)
             Began as a Hill Orc Berserker on July 8, 2018.
             Was a Priest of Trog.
             Slain by a gnoll
             ... wielding a +0 spear
              (6 damage)
             ... on level 3 of the Dungeon.
             The game lasted 00:05:05 (2297 turns).

tkdonut the Chopper (Hill Orc Berserker)            Turns: 2297, Time: 00:05:06

Health: -3/56      AC: 10    Str: 22    XL:     6   Next: 7%
Magic:  6/6        EV:  9    Int:  7    God:    Trog [***...]
Gold:   162        SH:  0    Dex: 10    Spells: 5/5 levels left

rFire    + . .     SeeInvis .   a - +0 hand axe
rCold    . . .     Gourm    .   (no shield)
rNeg     . . .     Faith    .   m - +1 chain mail
rPois    .         Spirit   .   (no helmet)
rElec    .         Reflect  .   (no cloak)
rCorr    .         Harm     .   (no gloves)
MR       +....                  (no boots)
Stlth    ..........             (no amulet)
HPRegen  0.18/turn              g - ring of protection from fire
MPRegen  0.10/turn              k - ring of protection from magic

@: berserk cooldown, slowed, very slow
A: no striking features
a: Berserk, Trog's Hand, Burn Spellbooks, Renounce Religion


You were on level 3 of the Dungeon.
You worshipped Trog.
Trog was most pleased with you.
You were not hungry.

You visited 1 branch of the dungeon, and saw 3 of its levels.

You collected 162 gold pieces.

Inventory:

Hand Weapons
 a - a +0 hand axe (weapon)
 q - a +0 mace
Armour
 b - a +0 animal skin
 e - a +0 centaur barding
 m - a +1 chain mail (worn)
 o - a +0 ring mail
Jewellery
 g - a ring of protection from fire (left hand)
 k - a ring of protection from magic (right hand)
Scrolls
 j - 2 scrolls of magic mapping
Potions
 d - a potion of lignification {unknown}
 f - 3 potions of might
 h - a potion of curing {unknown}
 n - a potion of magic {unknown}
 p - a potion of flight {unknown}
Comestibles
 c - 6 rations
 i - 8 chunks of flesh


   Skills:
 + Level 5.0 Fighting
 + Level 5.5 Axes
 + Level 3.7 Armour
 + Level 2.8 Dodging


You had 5 spell levels left.
You didn't know any spells.

Dungeon Overview and Level Annotations

Branches:
Dungeon (3/15)

Altars:
Makhleb
Uskayaw


Message History

a mace; a ring mail; a brown potion; a gnoll corpse; a bat corpse Your chain mail prevents you from hitting the gnoll.
The gnoll hits you but does no damage. The gnoll hits you with a spear.
* * * LOW HITPOINT WARNING * * *
Your chain mail prevents you from hitting the gnoll.
The gnoll hits you but does no damage.
You closely miss the gnoll. The gnoll hits you but does no damage.
The gnoll barely misses you.
You closely miss the gnoll. The gnoll hits you with a spear.
* * * LOW HITPOINT WARNING * * *
You hit the gnoll.
The gnoll is lightly wounded.
The gnoll closely misses you. x2
You hit the gnoll but do no damage.
The gnoll is lightly wounded.
The gnoll hits you but does no damage.
You closely miss the gnoll.
The gnoll is lightly wounded.
The gnoll hits you with a spear.
You die...

≈#.g.#..........g..
.
≈#####≈≈≈≈≈≈≈≈≈≈≈≈.
≈
≈≈≈≈≈≈≈≈≈≈≈≈≈≈≈≈≈≈.
≈
≈≈≈≈≈≈≈≈≈≈≈≈≈≈≈≈≈≈.
≈
.........).........
.
######>....).......
. ######.####### #
#.########.###
#.....@g......
##########.###


You could see a gnoll.

Vanquished Creatures
  An ogre (D:3)
  Terence (D:2)
  3 gnolls (D:3)
  3 adders
  2 oozes (D:1)
  A dart slug (D:1)
  An orc (D:3)
  6 bats
  2 giant cockroaches
  10 goblins
  5 hobgoblins
  15 jackals
  3 frilled lizards
  7 kobolds
  6 rats
66 creatures vanquished.

Notes
Turn   | Place    | Note
-------+----------+-------------------------------------------
     0 | D:1      | tkdonut the Hill Orc Berserker began the quest for the Orb.
     0 | D:1      | Reached XP level 1. HP: 19/19 MP: 1/1
    91 | D:1      | Reached XP level 2. HP: 26/27 MP: 2/2
   483 | D:1      | Reached XP level 3. HP: 24/33 MP: 3/3
   973 | D:2      | Reached ** piety under Trog
  1129 | D:2      | Noticed Terence
  1142 | D:2      | Killed Terence
  1142 | D:2      | Reached XP level 4. HP: 40/40 MP: 4/4
  1257 | D:2      | Noticed a hand axe
  1257 | D:2      | Noticed a dagger
  1259 | D:2      | Found a burning altar of Makhleb.
  1326 | D:2      | Found a hide-covered altar of Uskayaw.
  1617 | D:2      | Found a faded altar of an unknown god.
  2080 | D:3      | Reached skill level 5 in Axes
  2219 | D:3      | Reached XP level 5. HP: 44/47 MP: 5/5
  2254 | D:3      | Noticed an ogre
  2264 | D:3      | Reached *** piety under Trog
  2269 | D:3      | Killed an ogre
  2269 | D:3      | Reached skill level 5 in Fighting
  2269 | D:3      | Reached XP level 6. HP: 19/56 MP: 6/6
  2294 | D:3      | HP: 2/56 [gnoll/spear (3)]
  2297 | D:3      | Slain by a gnoll

Skill      XL: |  1  2  3  4  5 |
---------------+----------------+-----
Fighting       | 4 5 |  5.0
Dodging        | 2 |  2.8
Armour         | 3 |  3.7
Axes           | 5 |  5.5

Action                   |  1- 3 |  4- 6 || total
-------------------------+-------+-------++-------
Melee: Hand axe          |    92 |   140 ||   232
       Mace              |       |    20 ||    20
Invok: Berserk           |     1 |     2 ||     3
  Use: Scroll            |       |     7 ||     7
  Eat: Chunk             |     1 |     3 ||     4
       Ration            |       |     1 ||     1
Armor: Animal skin       |     7 |       ||     7
       Chain mail        |       |    97 ||    97
       Ring mail         |       |    10 ||    10
Dodge: Dodged            |    54 |    80 ||   134
